 Dungeon Crawl Stone Soup version 0.20.1-1-g8b1a95d (webtiles) character file.

60 lorenzova the Conjurer (level 3, -4/19 HPs)
             Began as a Deep Elf Conjurer on Sept 29, 2017.
             Killed from afar by an orc wizard (12 damage)
             ... with a magic dart
             ... on level 3 of the Dungeon.
             The game lasted 00:04:07 (1753 turns).

lorenzova the Conjurer (Deep Elf Conjurer)          Turns: 1753, Time: 00:04:08

Health: -4/19      AC:  2    Str:  5    XL:     3   Next: 80%
Magic:  10/10      EV: 13    Int: 20    God:
Gold:   176        SH:  3    Dex: 15    Spells: 7/10 levels left

rFire    . . .     SeeInvis .   (no weapon)
rCold    . . .     Gourm    .   (no shield)
rNeg     . . .     Faith    .   a - +0 robe
rPois    .         Spirit   .   (no helmet)
rElec    .         Reflect  +   (no cloak)
rCorr    .         Harm     .   (no gloves)
MR       .....                  (no boots)
Stlth    ++........             n - +3 amulet of reflection
Regen    0.1/turn               (no ring)
MPRegen  0.2/turn               (no ring)

@: no status effects
A: no striking features
a: no special abilities


You were on level 3 of the Dungeon.
You were not hungry.

You visited 1 branch of the dungeon, and saw 3 of its levels.

You collected 176 gold pieces.

Inventory:

Armour
 a - a +0 robe (worn)
Jewellery
 n - a +3 amulet of reflection (around neck)
Wands
 s - a wand of paralysis (9/24)
Scrolls
 d - a scroll of random uselessness {unknown}
 g - 2 scrolls of amnesia {unknown}
 h - a scroll of recharging {unknown}
 i - 2 scrolls of identify
 k - a scroll of blinking {unknown}
 l - a scroll of magic mapping {unknown}
 o - a scroll of enchant armour {unknown}
 q - 2 scrolls of teleportation {unknown}
 r - a scroll of fog {unknown}
Potions
 e - a potion of magic
 j - a potion of ambrosia
 m - a potion of mutation
 p - a potion of curing
Books
 b - a book of Conjurations

   Spells                             Type                      Level
   a - Magic Dart                     Conjuration                  1
   b - Searing Ray                    Conjuration                  2
   c - Dazzling Spray                 Conjuration/Hexes            3
   d - Fulminant Prism                Conjuration/Hexes            4
   e - Force Lance                    Conjuration/Translocation    4
   f - Iskenderun's Mystic Blast      Conjuration                  4
Comestibles
 c - 2 bread rations
 f - a meat ration
 t - 3 chunks of flesh


   Skills:
 - Level 2.4 Dodging
 - Level 2.4 Stealth
 + Level 4.2 Spellcasting
 + Level 5.4 Conjurations


You had 7 spell levels left.
You knew the following spells:

 Your Spells              Type           Power        Failure   Level  Hunger
a - Magic Dart            Conj           ####         1%          1    None
b - Searing Ray           Conj           ####..       1%          2    #......


Dungeon Overview and Level Annotations

Branches:
Dungeon (3/15)

Altars:
Nemelex Xobeh


Message History

An orc and an orc wizard come into view.
The orc wizard shouts!
The orc wizard casts a spell at you. The magic dart hits you!
An orc comes into view. It is wielding a whip.
You see here a goblin skeleton.
The orc wizard casts a spell at you. The magic dart hits you!
The orc wizard casts a spell.
The orc wizard blinks!
There is an open door here.
You close the door.
An orc wizard opens the door.
There is an open door here.
As you close the door, it creaks loudly!
An orc wizard opens the door.
The orc wizard gestures at you while chanting.
The magic dart hits you!
Ouch! That really hurt!
You die...

##...............# #.#........
......)#########.# #.#.....#..
#####..# #.# #.#.....#.. # #..#
#.## #(###.###.# #####..# #..#
#.........# .......# ##.#
#####.##### ####...## #.# ###.#
##.....## #####.### #...###
##.......## #...@.(.# #...#.##
#.........###[....#.#####......##
'.........'...)..................
#........o###.....#.######.#..)##
##.......## #.#...#.# #.#...##
##.[...## #.#.###.# #.......
##...## #.#.# #.# #....... ##o##
#.#.###.# #....... #.# #.......#
###...##


You could see an orc wizard.

Vanquished Creatures
  A worm (D:2)
  4 dart slugs
  A leopard gecko (D:3)
  4 orcs (D:3)
  2 ball pythons (D:1)
  4 goblins
  6 hobgoblins
  2 jackals (D:3)
  A quokka (D:3)
  5 bats
  4 frilled lizards
  5 kobolds
  4 rats
43 creatures vanquished.

Notes
Turn   | Place    | Note
-------+----------+-------------------------------------------
     0 | D:1      | lorenzova the Deep Elf Conjurer began the quest for the Orb.
     0 | D:1      | Reached XP level 1. HP: 10/10 MP: 6/6
   176 | D:1      | Reached XP level 2. HP: 15/15 MP: 6/8
   196 | D:1      | Found a sparkling altar of Nemelex Xobeh.
   699 | D:2      | Reached skill level 5 in Conjurations
   762 | D:2      | Reached XP level 3. HP: 19/19 MP: 8/10
  1144 | D:3      | Learned a level 2 spell: Searing Ray
  1218 | D:3      | Found a faded altar of an unknown god.
  1255 | D:3      | Noticed an orc warrior
  1753 | D:3      | Killed from afar by an orc wizard

Skill      XL: |  1  2  3 |
---------------+----------+-----
Conjurations   | 5 |  5.4
Spellcasting   | 4 |  4.2
Dodging        | |  2.4
Stealth        | |  2.4

Action                   || total
-------------------------++-------
 Cast: Magic Dart        ||    90
  Use: Scroll            ||     5
  Eat: Chunk             ||     2
Armor: Robe              ||     1
Dodge: Dodged            ||     6
Block: Other             ||     1
